 Dungeon Crawl Stone Soup version 0.27.1-15-g792fb953b9 (webtiles) character file.

Game seed: 15895593379665455421

1833 bellerephron the Slasher (level 8, -9/61 HPs)
             Began as a Demonspawn Fighter on Nov 20, 2021.
             Was a Priest of Trog.
             Killed by nerve-wracking pain
             ... invoked by a shadow imp
              (13 damage)
             ... on level 5 of the Dungeon.
             The game lasted 00:13:20 (5178 turns).

bellerephron the Slasher (Demonspawn Fighter)       Turns: 5178, Time: 00:13:21

Health: -9/61      AC: 14    Str: 19    XL:     8   Next: 86%
Magic:  8/8        EV:  4    Int: 10    God:    Trog [***...]
Gold:   227        SH: 11    Dex: 12    Spells: 7/7 levels left

rFire    . . .     SeeInvis .   a - +0 long sword
rCold    . . .     Faith    .   c - +1 kite shield
rNeg     . . .     Spirit   .   k - +0 plate armour
rPois    .         Reflect  .   e - +0 helmet
rElec    .         Harm     .   m - +0 cloak
rCorr    .         Rampage  .   (no gloves)
Will     .....                  (no boots)
Stlth    ..........             (no amulet)
HPRegen  0.20/turn              (no ring)
MPRegen  0.11/turn              (no ring)

@: on berserk cooldown, slowed, very slow
A: claws 1, powered by pain 1, demonic magic 1
a: Renounce Religion, Berserk, Trog's Hand


You were on level 5 of the Dungeon.
You worshipped Trog.
Trog was most pleased with you.
You visited 1 branch of the dungeon, and saw 5 of its levels.
You also visited: Sewer.

You collected 227 gold pieces.

Inventory:

Hand Weapons
 a - a +0 long sword (weapon)
Missiles
 f - 75 stones
 g - 39 poisoned darts (quivered)
 n - 6 boomerangs
Armour
 c - a +1 kite shield (worn)
 e - a +0 helmet (worn)
 k - a +0 plate armour (worn)
 m - a +0 cloak (worn)
Wands
 r - a wand of paralysis (6)
Scrolls
 j - 2 scrolls of blinking
 o - a scroll of identify
 p - 3 scrolls of vulnerability
 q - 2 scrolls of magic mapping
 s - a scroll of silence {unknown}
 v - 3 scrolls of teleportation
 w - a scroll of noise {unknown}
Potions
 b - 4 potions of curing
 d - 2 potions of might
 h - 2 potions of mutation {unknown}
 i - a potion of heal wounds {unknown}
 l - a potion of flight {unknown}
 t - a potion of cancellation {unknown}
 u - a potion of attraction {unknown}


   Skills:
 + Level 4.4 Fighting
 + Level 6.9 Long Blades
 + Level 1.0 Throwing
 + Level 5.0 Armour
 - Level 1.4 Dodging
 * Level 6.3 Shields


You had 7 spell levels left.
You didn't know any spells.
Your spell library was empty.

Dungeon Overview and Level Annotations

Branches:
Dungeon (5/15)              Sewer (visited)
 Temple: D:4-7

Altars:
Gozag
Trog

Shops:
D:4 [*

Annotations:
D:3 1 runed translucent door, DarkinPuppy's ghost, amateur DsFi


Innate Abilities, Weirdness & Mutations

You have sharp fingernails.
You sometimes gain a little power by taking damage.
Spells you cast may paralyse adjacent enemies.


Message History

Unknown command.
You hit the ogre.
The ogre is almost dead.
You feel sick.
You are no longer poisoned.
The water moccasin skeleton bites you but does no damage.
The orc wizard casts a spell.
The orc wizard flickers and vanishes!
Deactivating autopickup; reactivate with Ctrl-A.
You block the ogre's attack. The water moccasin skeleton bites you.
You block the ogre's attack.
You hit the ogre but do no damage.
The ogre is almost dead.
You block the ogre's attack. You block the shadow imp's attack.
Unknown command.
You closely miss the ogre.
The ogre is almost dead.
Your skin stops crawling.
You feel less strong-willed.
The water moccasin skeleton bites you but does no damage.
The shadow imp hits you. You block the ogre's attack.
The water moccasin skeleton bites you.
An orc comes into view. It is wielding a +0 mace.
The orc wizard gestures wildly while chanting.
The orc wizard flickers and vanishes!
You block the shadow imp's attack.
An orc comes into view. It is wielding a +0 dagger.
The ogre hits you with a +0 giant club!!
* * * LOW HITPOINT WARNING * * *
The orc shouts!
The orc shouts!
You slash the ogre!
You kill the ogre!
Trog accepts your kill.
You block the water moccasin skeleton's attack.
The shadow imp barely misses you.
A magic dart appears from out of thin air!
The magic dart hits you but does no damage.
The jelly barely misses you. The shadow imp gestures at you.
Pain shoots through your body!
You die...

#..........###.###'##....
##.....##### #'##........
#.....# #..#........
#.....# #..#........
#.....# #..'........
#.....# #..#........
#....Z####+#####........
#...{............#+##..
#....)@..........#..'..
#....5J..........#..#..
#................#..#..
#................##+#..
....#'########.........#
....#. #.........# ... #.
#.........# .. '.
#.........# #.........#


You could see a jelly, a shadow imp and a water moccasin skeleton.

Vanquished Creatures
  A two-headed ogre (D:5)
  Sigmund (D:3)
  Menkaure (D:5)
  A water moccasin (Sewer)
  A necrophage (D:5)
  A centaur (D:5)
  An ogre (D:5)
  A bullfrog (D:3)
  A scorpion (D:5)
  A centaur zombie (D:3)
  3 orc priests
  Crazy Yiuf (D:2)
  An iguana (D:5)
  3 orc wizards (D:4)
  Natasha (thrice) (D:3)
  2 river rats (D:4)
  2 adders
  7 gnolls
  A white imp (D:5)
  An ufetubus (D:5)
  A worm (D:2)
  3 dart slugs
  7 orcs
  8 endoplasms
  4 giant cockroaches (D:1)
  7 goblins
  7 hobgoblins
  2 jackals (Sewer)
  5 quokkas
  6 ball pythons
  8 bats
  8 frilled lizards
  11 kobolds
  6 rats
117 creatures vanquished.

Notes
Turn   | Place    | Note
-------+----------+-------------------------------------------
     0 | D:1      | bellerephron the Demonspawn Fighter began the quest for the
                  | Orb.
     0 | D:1      | Reached XP level 1. HP: 18/18 MP: 1/1
   214 | D:1      | Gained mutation: You sometimes gain a little power by
                  | taking damage. [demonic ancestry]
   214 | D:1      | Reached XP level 2. HP: 23/24 MP: 2/2
   452 | D:1      | Found a faded altar of an unknown god.
   480 | D:1      | Became a worshipper of Trog the Wrathful
   480 | D:1      | Reached * piety under Trog
   530 | D:1      | Reached XP level 3. HP: 21/29 MP: 3/3
   977 | D:2      | Reached XP level 4. HP: 15/35 MP: 4/4
  1429 | D:2      | Reached ** piety under Trog
  1895 | D:2      | Found a runed translucent door.
  1896 | D:2      | Noticed Crazy Yiuf
  1904 | D:2      | Killed Crazy Yiuf
  1905 | D:2      | Reached XP level 5. HP: 41/41 MP: 5/5
  2014 | D:3      | Noticed Natasha
  2021 | D:3      | Killed Natasha
  2063 | D:3      | Noticed Sigmund
  2161 | D:3      | Reached skill level 1 in Dodging
  2243 | D:3      | Noticed Natasha
  2263 | D:3      | Killed Natasha
  2397 | D:3      | Killed Sigmund
  2398 | D:3      | Gained mutation: Spells you cast may paralyse adjacent
                  | enemies. [demonic ancestry]
  2398 | D:3      | Reached XP level 6. HP: 22/47 MP: 6/6
  2546 | D:3      | Noticed Natasha
  2554 | D:3      | Killed Natasha
  2555 | D:3      | Reached skill level 1 in Throwing
  2856 | D:3      | Found a bloodstained altar of Trog.
  2880 | D:3      | Reached skill level 5 in Long Blades
  2880 | D:3      | Reached XP level 7. HP: 48/52 MP: 7/7
  2954 | D:3      | Found a runed translucent door.
  2955 | D:3      | Noticed DarkinPuppy's ghost (amateur DsFi)
  3078 | D:4      | Identified the +4 morningstar of Asuc {protect, rN+ Will+}
  3151 | D:4      | Found a glowing drain.
  3172 | D:4      | Reached *** piety under Trog
  3184 | Sewer    | Entered a sewer
  3867 | D:4      | Found Cibb's Antique Armour Emporium.
  3917 | D:4      | Found Gozag's Platinum Reserve.
  4042 | D:4      | Found an opulent altar of Gozag.
  4545 | D:5      | Entered Level 5 of the Dungeon
  4727 | D:5      | Reached skill level 5 in Shields
  4770 | D:5      | Noticed a two-headed ogre
  4788 | D:5      | Killed a two-headed ogre
  4789 | D:5      | Gained mutation: You have sharp fingernails. [demonic
                  | ancestry]
  4789 | D:5      | Reached XP level 8. HP: 41/60 MP: 8/8
  5157 | D:5      | Noticed Menkaure
  5166 | D:5      | Killed Menkaure
  5167 | D:5      | Reached skill level 5 in Armour
  5178 | D:5      | Killed from afar by a shadow imp

Illustrated notes

Levels and vault maps discovered:
D:1:      minmay_arrival_plants_in_alcoves, layout_basic,
          chequers_ecumenical_altar_island, hangedman_abyss_or_decor_stabs
D:2:      layout_loops_cross, st_stairs_9, uniq_crazy_yiuf_cottage
D:3:      layout_rooms, trog_three_pillars_becter,
          ebering_ghost_reflecting_pool, minivault_11, uniq_natasha,
          uniq_sigmund
D:4:      layout_loops_corners, nicolae_gozag_zags_fifth_avenue,
          portal_sewer_entry_b, serial_shops, kennysheep_mini
D:5:      cheibrodos_fzero, layout_gridville, grunt_decor_resistance,
          uniq_menkaure

Skill      XL: |  1  2  3  4  5  6  7  8 |
---------------+-------------------------+-----
Shields        | 3 4 5 6 |  6.3
Armour         | 3 4 5 |  5.0
Long Blades    | 2 3 4 5 6 |  6.9
Dodging        | 1 |  1.4
Throwing       | 1 |  1.0
Fighting       | 4 |  4.4

Action                   |  1- 3 |  4- 6 |  7- 9 || total
-------------------------+-------+-------+-------++-------
Melee: Long sword        |    89 |   200 |   175 ||   464
Throw: Dart              |       |    15 |     3 ||    18
       Stone             |       |     2 |       ||     2
Invok: Berserk           |     1 |     5 |     5 ||    11
       Trog's Hand       |       |       |     2 ||     2
  Use: Scroll            |       |     3 |     3 ||     6
Armor: Scale mail        |    46 |       |       ||    46
       Plate armour      |     5 |   152 |   159 ||   316
Dodge: Dodged            |    34 |    30 |    20 ||    84
Block: Kite shield       |    53 |   110 |   119 ||   282
       Rpst.: Long sword |     9 |     6 |     1 ||    16
